 Dungeon Crawl Stone Soup version 0.17.2-1-ge4368a0 (webtiles) character file.

435 Goblin1989 the Cleaver (level 7, 0/87 HPs)
             Began as a Hill Orc Berserker on July 28, 2016.
             Was a Believer of Trog.
             Slain by an ogre
             ... wielding a +0 giant spiked club
              (25 damage)
             ... on level 5 of the Dungeon.
             The game lasted 00:08:30 (926 turns).

Goblin1989 the Cleaver (Hill Orc Berserker)          Turns: 926, Time: 00:08:30

Health: 0/87       AC:  9    Str: 27    XL:     7   Next: 0%
Magic:  7/7        EV: 12    Int:  9    God:    Trog [**....]
Gold:   95         SH:  0    Dex: 10    Spells: 0 memorised, 6 levels left

rFire  . . .     SeeInvis .     a - +0 hand axe
rCold  . . .     Clarity  .     b - +0 animal skin
rNeg   . . .     SustAt   .     (no shield)
rPois  .         Gourm    .     d - +1 helmet
rElec  .         Spirit   .     (no cloak)
rCorr  .         Warding  .     j - +0 pair of gloves
rMut   .         Stasis   .     (no boots)
MR     .....                    (no amulet)
Stlth  ..........               (no ring)
                                (no ring)

@: berserking, very quick, not resistant to hostile enchantments, extremely
unstealthy
A: iridescent scales 1, clever 1, evolution 1
a: Berserk, Trog's Hand, Burn Spellbooks, Renounce Religion


You were on level 5 of the Dungeon.
You worshipped Trog.
Trog was pleased with you.
You were hungry.

You visited 1 branch of the dungeon, and saw 5 of its levels.
You also visited: Sewer.

You collected 95 gold pieces.

Inventory:

Hand Weapons
 a - a +0 hand axe (weapon)
Armour
 b - a +0 animal skin (worn)
 d - a +1 helmet (worn)
 j - a +0 pair of gloves (worn)
Wands
 i - a wand of flame (28)
Scrolls
 e - a scroll of identify
 f - a scroll of remove curse {unknown}
 g - a scroll of enchant weapon {unknown}
 l - a scroll of fear {unknown}
 m - 3 scrolls of magic mapping
 n - a scroll of fog {unknown}
Comestibles
 c - 3 bread rations
 h - 4 beef jerkies
 k - 2 chunks of flesh


   Skills:
 + Level 3.9 Fighting
 * Level 9.8 Axes
 + Level 2.3 Armour
 - Level 1.5 Dodging


You had 6 spell levels left.
You didn't know any spells.

Dungeon Overview and Level Annotations

Branches:
Dungeon (5/15)
 Temple: D:4-7

Altars:

Annotations:
D:3 Terence


Innate Abilities, Weirdness & Mutations

You are partially covered in iridescent scales (AC +4).
Your mind is acute. (Int +2)
You evolve.


Message History

You take 2 damage, and have 12/58 hp.
You hit the giant cockroach but do no damage.
The giant cockroach completely misses you.
You hit the giant cockroach.
You kill the giant cockroach!
Trog accepts your kill.
Found 16 gold pieces.
You see here a giant cockroach corpse.
Found a scroll labeled QAGIONAESU.
Found 6 gold pieces.
You now have 95 gold pieces (gained 16).
n - a scroll labeled QAGIONAESU An ogre comes into view.
It is wielding a giant spiked club.
The ogre shouts!
Found a stone staircase leading up.
A red film seems to cover your vision as you go berserk!
You feel yourself moving faster!
You feel mighty!
You feel somewhat more hungry.
The ogre hits you with a giant spiked club!!
You die...

.#..# #..# # ##.#
)##..##
)..<..##################
##.##.†..........#...<.#
...#######..............
#### ####...............
...........@..$....
####........O......
#...............
#...............
#...............
##..............
##.....##.....# #######
######


You could see an ogre.

Vanquished Creatures
  Grinder (D:3)
  A crocodile (Sewer)
  A hound (D:4)
  A worker ant (D:4)
  Natasha (twice) (D:3)
  A hound skeleton (D:5)
  3 adders (D:3)
  A giant gecko (D:2)
  4 orcs (D:5)
  A bat (D:1)
  A giant cockroach (D:5)
  2 hobgoblins
  2 jackals (Sewer)
  2 ball pythons (D:3)
  A giant gecko skeleton (D:4)
  2 goblins
  4 kobolds
30 creatures vanquished.

Notes
Turn   | Place    | Note
--------------------------------------------------------------
     0 | D:1      | Goblin1989 the Hill Orc Berserker began the quest for the Orb.
     0 | D:1      | Reached XP level 1. HP: 19/19 MP: 1/1
   180 | D:2      | Reached XP level 2. HP: 19/26 MP: 2/2
   285 | D:3      | Noticed Natasha
   293 | D:3      | Killed Natasha
   293 | D:3      | Reached skill level 5 in Axes
   293 | D:3      | Reached XP level 3. HP: 8/31 MP: 3/3
   476 | D:3      | Found a glowing drain.
   484 | D:3      | Reached skill level 6 in Axes
   496 | Sewer    | Entered a sewer
   515 | Sewer    | Reached XP level 4. HP: 21/39 MP: 4/4
   545 | Sewer    | Noticed a crocodile
   551 | Sewer    | Killed a crocodile
   551 | Sewer    | Reached ** piety under Trog
   551 | Sewer    | Reached skill level 7 in Axes
   551 | Sewer    | Reached XP level 5. HP: 4/45 MP: 5/5
   683 | D:3      | Noticed Grinder
   684 | D:3      | Noticed Terence
   685 | D:3      | Noticed Natasha
   696 | D:3      | Killed Grinder
   696 | D:3      | Reached skill level 9 in Axes
   696 | D:3      | Reached XP level 6. HP: 32/51 MP: 6/6
   699 | D:3      | Killed Natasha
   780 | D:4      | Gained mutation: Your spells are a little easier to cast, but a little less powerful. [potion of mutation]
   780 | D:4      | Gained mutation: You are partially covered in iridescent scales (AC +4). [potion of mutation]
   781 | D:4      | Lost mutation: Your spells are a little easier to cast, but a little less powerful. [potion of mutation]
   781 | D:4      | Gained mutation: You evolve. [potion of mutation]
   781 | D:4      | Gained mutation: Your mind is acute. (Int +2) [potion of mutation]
   867 | D:5      | Entered Level 5 of the Dungeon
   900 | D:5      | Reached XP level 7. HP: 14/58 MP: 7/7
   926 | D:5      | Slain by an ogre

Action                   |  1- 3 |  4- 6 |  7- 9 || total
-------------------------+-------+-------+-------++-------
Melee: Hand axe          |    36 |    81 |     3 ||   120
Invok: Berserk           |     2 |     2 |     1 ||     5
       Trog's Hand       |       |     1 |       ||     1
  Use: Scroll            |     4 |     1 |       ||     5
       Potion            |       |     2 |       ||     2
  Eat: Chunk             |       |     4 |       ||     4
